 Dungeon Crawl Stone Soup version 0.28-a0-2-g643f2454ad (webtiles) character file.

Game seed: 11135698669556822591

37 Sweetruy1997 the Chopper (level 3, 0/33 HPs)
             Began as a Hill Orc Monk on July 22, 2021.
             Succumbed to an adder's poison
             ... on level 2 of the Dungeon.
             The game lasted 00:03:50 (1677 turns).

Sweetruy1997 the Chopper (Hill Orc Monk)            Turns: 1677, Time: 00:03:51

Health: 0/33       AC:  4    Str: 13    XL:     3   Next: 41%
Magic:  3/3        EV: 12    Int: 12    God:
Gold:   73         SH:  0    Dex: 14    Spells: 1/2 levels left

rFire   . . .      SeeInvis .   a - +0 hand axe
rCold   . . .      Faith    .   (no shield)
rNeg    . . .      Spirit   .   f - +0 leather armour
rPois   .          Reflect  .   (no helmet)
rElec   .          Harm     .   g - +0 cloak
rCorr   .          Rampage  .   (no gloves)
Will    .....                   (no boots)
Stlth   ++........              (no amulet)
HPRegen 0.11/turn               (no ring)
MPRegen 0.08/turn               (no ring)

@: lethally poisoned (0 -> -1), flying, very slightly contaminated, invisible
A: clever 1, subdued magic 1, noise suppression
a: no special abilities


You were on level 2 of the Dungeon.
You visited 1 branch of the dungeon, and saw 2 of its levels.

You collected 73 gold pieces.

Inventory:

Hand Weapons
 a - a +0 hand axe (weapon)
Armour
 f - a +0 leather armour (worn)
 g - a +0 cloak (worn)
Scrolls
 c - a scroll of acquirement {unknown}
 d - a scroll of immolation {unknown}
 e - a scroll of summoning {unknown}
 h - a scroll of identify {unknown}


   Skills:
 - Level 4.0 Fighting
 + Level 4.7 Axes
 + Level 0.5 Armour
 + Level 2.7 Dodging
 + Level 1.8 Stealth


You had one spell level left.
You knew the following spells:

 Your Spells              Type           Power      Damage    Failure   Level
a - Apportation           Tloc           0%         N/A       34%         1

Your spell library contained the following spells:

 Spells                   Type           Power      Damage    Failure   Level
 Portal Projectile        Hex/Tloc       0%         N/A       73%         3
 Alistair's Intoxication  Tmut/Pois      0%         N/A       100%        5
 Blade Hands              Tmut           0%         N/A       100%        5
 Excruciating Wounds      Necr           0%         N/A       100%        5
 Invisibility             Hex            0%         N/A       100%        6


Dungeon Overview and Level Annotations

Branches:
Dungeon (2/15)

Altars:


Innate Abilities, Weirdness & Mutations

Your mind is acute. (Int +2)
Your spells are a little easier to cast, but a little less powerful.
You passively dampen the noise of your surroundings.


Message History

The adder is severely wounded.
You hit the kobold but do no damage.
You feel very sick.
The kobold hits you with a +0 short sword.
The adder misses you.
You are too injured to fight recklessly!
You completely miss the adder.
The adder is severely wounded.
You barely miss the kobold.
You feel sick. The adder barely misses you.
The kobold hits you but does no damage. The adder bites you but does no damage.
The kobold barely misses you.
You hit the adder.
You kill the adder!
You closely miss the kobold.
You feel sick.
The kobold hits you with a +0 short sword.
* * * LOW HITPOINT WARNING * * *
It was a potion of flight.
You feel very buoyant.
You fly up into the air.
* * * LOW HITPOINT WARNING * * *
You feel sick. The kobold barely misses you.
It was a potion of invisibility.
You fade into invisibility!
* * * LOW HITPOINT WARNING * * *
You feel sick. The kobold barely misses you.
You are very lightly contaminated with residual magic.
It was a potion of mutation.
You feel extremely strange.
Your connection to magic feels subdued.
You feel clever.
You feel your surroundings grow quieter.
* * * LOW HITPOINT WARNING * * *
You feel sick. The kobold closely misses you.
You aren't carrying any potions.
You aren't carrying any potions.
You aren't carrying any potions.
You catch the helpless kobold completely off-guard!
You hit the kobold.
You kill the kobold!
* * * LOW HITPOINT WARNING * * *
You feel sick.
You die...

#..........##..####...
#........... .........
#......... #.#.##....
##........##..#.##...#
#.......!.....#.##...#
#........?...##.##...#
#............##.##...#
#..........####.##..[.
#....@................
##...................#
##.........).....####
#################


There were no monsters in sight!

Vanquished Creatures
  An adder (D:2)
  A dart slug (D:1)
  An orc (D:2)
  2 ball pythons
  2 bats (D:2)
  2 endoplasms (D:1)
  A giant cockroach (D:1)
  4 goblins
  2 hobgoblins (D:2)
  2 kobolds (D:2)
  A quokka (D:1)
  2 frilled lizards (D:1)
  4 rats
25 creatures vanquished.

Notes
Turn   | Place    | Note
-------+----------+-------------------------------------------
     0 | D:1      | Sweetruy1997 the Hill Orc Monk began the quest for the Orb.
     0 | D:1      | Reached XP level 1. HP: 19/19 MP: 1/1
    91 | D:1      | HP: 1/20 [endoplasm (3)]
    93 | D:1      | Reached XP level 2. HP: 1/27 MP: 2/2
   634 | D:1      | Found a faded altar of an unknown god.
  1373 | D:2      | Reached XP level 3. HP: 26/33 MP: 3/3
  1485 | D:2      | Learned a level 1 spell: Apportation
  1675 | D:2      | Gained mutation: Your spells are a little easier to cast,
                  | but a little less powerful. [potion of mutation]
  1675 | D:2      | Gained mutation: Your mind is acute. (Int +2) [potion of
                  | mutation]
  1675 | D:2      | Gained mutation: You passively dampen the noise of your
                  | surroundings. [potion of mutation]
  1676 | D:2      | HP: 1/33 [poisoned by an adder]
  1677 | D:2      | Succumbed to an adder's poison

Illustrated notes

Levels and vault maps discovered:
D:1:      evilmike_arrival_crescent, layout_basic,
          hellmonk_ecumenical_altar_zigzags, minmay_indecisive_spiral
D:2:      layout_rooms, minmay_split_cup_large

Skill      XL: |  1  2  3 |
---------------+----------+-----
Fighting       | 4 |  4.0
Axes           | |  4.7
Armour         | |  0.5
Dodging        | |  2.7
Stealth        | |  1.8

Action                   || total
-------------------------++-------
Melee: Hand axe          ||    61
  Use: Potion            ||     3
 Stab: Sleeping          ||     1
       Invisible         ||     1
Armor: Robe              ||     1
       Leather armour    ||    12
Dodge: Dodged            ||    53

Table legend: (Time is in decaauts)
 A = Elapsed time spent in this place.
 B = Non-inter-level travel time spent in this place.
 C = Inter-level travel time spent in this place.
 D = Time resting spent in this place.
 E = Time spent auto-exploring this place.
 F = Levels seen in this place.
 G = Mean time per level.
                   A        B        C        D        E       F      G
               +--------+--------+--------+--------+--------+-----+--------+
         Total |   1683 |   1666 |     17 |    539 |    941 |   2 |  841.5 |
       Dungeon |   1683 |   1666 |     17 |    539 |    941 |   2 |  841.5 |
               +--------+--------+--------+--------+--------+-----+--------+

Top non-repeatable levels by time:
     D:1: 1355 daAuts
     D:2: 327 daAuts
